 Dungeon Sprint DCSS version 0.20.1-1-g8b1a95d (webtiles) character file.

46040 groucho the End of an Era (level 14, -7/143 HPs)
             Began as a Minotaur Fighter on Nov 2, 2017.
             Was the Champion of Qazlal.
             Killed by a malign offering
             ... invoked by a deep elf high priest
              (21 damage)
             ... in the Dungeon (Sprint VII: "The Pits").
             The game lasted 00:14:14 (3480 turns).

groucho the End of an Era (Minotaur Fighter)        Turns: 3480, Time: 00:14:15

Health: -7/143     AC: 31    Str: 28    XL:     14   Next: 3%
Magic:  15/27      EV:  7    Int:  5    God:    Qazlal [******]
Gold:   27         SH: 32    Dex: 14    Spells: 13/13 levels left

rFire    . . .     SeeInvis .   a - +5 broad axe
rCold    . . .     Gourm    .   E - +1 large shield
rNeg     . . .     Faith    .   J - +5 plate armour
rPois    .         Spirit   .   (helmet restricted)
rElec    .         Reflect  .   (no cloak)
rCorr    .         Harm     .   F - +1 pair of gloves
MR       +....     NoTele   +   G - +1 pair of boots
Stlth    ..........             (no amulet)
Regen    0.4/turn               u - +3 ring of strength
MPRegen  0.2/turn               t - +3 ring of dexterity

@: lethally poisoned (-7 -> -7), protected from physical damage, very slightly
contaminated, repel missiles
A: retaliatory headbutt, horns 2
a: Upheaval, Elemental Force, Disaster Area, Renounce Religion


You were in the Dungeon.
You worshipped Qazlal.
Qazlal was exalted by your worship.
You were not hungry.

You visited 1 branch You collected 27 gold pieces.

Inventory:

Hand Weapons
 a - a +5 broad axe (weapon)
 c - a +2 morningstar of protection
Armour
 E - a +1 large shield (worn)
 F - a +1 pair of gloves (worn)
 G - a +1 pair of boots (worn)
 J - a +5 plate armour (worn)
Jewellery
 l - an uncursed ring of protection from fire
 t - a +3 ring of dexterity (right hand)
 u - a +3 ring of strength (left hand)
 w - an uncursed ring of wizardry
Wands
 x - a wand of confusion (16/48)
 D - a wand of polymorph (15/24)
Scrolls
 n - 4 scrolls of remove curse
 o - 5 scrolls of amnesia
 p - a scroll of summoning
 y - 4 scrolls of enchant armour
 z - a scroll of identify
 A - a scroll of fear
 B - 3 scrolls of recharging
Potions
 b - 4 potions of brilliance
 d - 5 potions of might
 e - 5 potions of curing
 h - 6 potions of haste
 i - 3 potions of magic
 j - 6 potions of berserk rage
 m - 2 potions of invisibility
 v - 4 potions of agility
Comestibles
 f - 6 bread rations
 q - 40 fruits
 r - 11 meat rations
 s - 6 royal jellies


   Skills:
 - Level 18.0 Fighting
 - Level 18.6 Axes
 - Level 18.0 Armour
 - Level 18.0 Shields
 + Level 21.7 Invocations


You had 13 spell levels left.
You didn't know any spells.

Dungeon Overview and Level Annotations

Branches:
Dungeon (1/1)

Altars:
Ashenzari
Cheibriados
Dithmenos
Elyvilon
Fedhas
Gozag
Hepliaklqana
Kikubaaqudgha
Makhleb
Nemelex Xobeh
Okawaru
Qazlal
Ru
Sif Muna
Trog
Uskayaw
Vehumet
Xom
Yredelemnul
Zin
The Shining One
Beogh
Jiyva
Lugonu


Innate Abilities, Weirdness & Mutations

You reflexively headbutt those who attack you in melee.
You have a pair of horns on your head.


Message History

You feel sick.
The deep elf high priest says, "All sinners must die."
The deep elf high priest unwields an uncursed trident.
The deep elf high priest wields a shortbow.
The deep elf high priest shoots an arrow.
You block the arrow.
A wraith comes into view.
You see here an arrow.
Okay, then.
You feel sick.
Things that are here:
a whip; a dyed leather armour Why would you want to do that?
Unknown command.
Why would you want to do that?
Unknown command.
You feel sick.
The deep elf high priest utters a dark prayer and points at you.
Your life force is offered up.
You die...

____.###########≈)###########.#.)
__...###########†e###########.+.)
####'##.........W).....##..## ##+
)))'.##....≈.#.)#).....##..#
####.##..(≈(...§.(......'.(#
......'...≈..§.(...≈.......######
#'#####....≈)#§)#≈.....##..).....
..#..##.....(..§≈.§..≈.##..)(..((
..'..#####'#####@(###############
###+###.......##'(###############
.....##.......##.(#..............
.....##.......##..##.............
#'#####...<...##..####...#)######
).)[.##.......##..#..#####)##...#
)))[.##.......##.(#....##.)[#...#
#######.......##.('.....#...#...#
..#.. ##########.((...†.[.))(.)('


You could see a deep elf high priest.

Vanquished Creatures
  A death cob (D)
  Frances (D)
  Agnes (D)
  A nagaraja (D)
  A fire giant (D)
  2 orc warlords (D)
  A green draconian (D)
  A lorocyproca (D)
  A red draconian (D)
  A deep elf annihilator (D)
  An ettin (D)
  A merfolk javelineer (D)
  A yaktaur captain (D)
  2 vault guards (D)
  2 naga warriors (D)
  A rakshasa (D)
  A centaur warrior (D)
  A death knight (D)
  2 two-headed ogres (D)
  A death yak (D)
  5 deep elf knights (D)
  A flayed ghost (D)
  An unseen horror (D)
  A sea snake (D)
  A wizard (D)
  A lindwurm (D)
  13 orc knights (D)
  An orc sorcerer (D)
  A cyclops (D)
  A manticore (D)
  A black mamba (D)
  Psyche (D)
  2 molten gargoyles (D)
  An elephant (D)
  3 orange demons (D)
  3 rime drakes (D)
  A demonic crawler (D)
  2 yaktaurs (D)
  An ice devil (D)
  A polar bear (D)
  A wandering mushroom (D)
  A jumping spider (D)
  A tyrant leech (D)
  2 hornets (D)
  2 merfolk (D)
  A hippogriff (D)
  11 dream sheep (D)
  A flying skull (D)
  2 shadows (D)
  A vampire (D)
  A tarantella (D)
  A ynoxinul (D)
  A steam dragon (D)
  A fire bat (D)
  A wraith (D)
  A fire elemental (D)
  3 nagas (D)
  A porcupine (D)
  A water moccasin (D)
  3 floating eyes (D)
  2 orc warriors (D)
  A phantom (D)
  An ice beast (D)
  A sky beast (D)
  2 wolves (D)
  A centaur (D)
  A gnoll sergeant (D)
  An earth elemental (D)
  A small abomination (D)
  10 wights (D)
  A jelly (D)
  2 orc wizards (D)
  A gnoll shaman (D)
  An iguana (D)
  2 mummies (D)
  7 gnolls (D)
  An adder (D)
  A river rat (D)
  A white imp (D)
  An ufetubus (D)
  2 adder zombies (D)
  A worm (D)
  4 orcs (D)
  3 bats (D)
  2 giant cockroaches (D)
  A goblin (D)
  A kobold (D)
  2 leopard gecko skeletons (D)
158 creatures vanquished.

Notes
Turn   | Place    | Note
-------+----------+-------------------------------------------
     0 | D        | groucho the Minotaur Fighter began the quest for the Orb.
     0 | D        | Reached XP level 1. HP: 19/19 MP: 0/0
     8 | D        | Noticed a floating eye
    12 | D        | Paralysed by a floating eye for 3 turns
    16 | D        | Killed a floating eye
    16 | D        | Reached skill level 5 in Axes
    16 | D        | Reached XP level 2. HP: 31/31 MP: 1/1
    16 | D        | Reached XP level 3. HP: 38/38 MP: 2/2
    16 | D        | Reached XP level 4. HP: 45/45 MP: 3/3
    50 | D        | Found a bloodstained altar of Trog.
    50 | D        | Found a deep blue altar of Sif Muna.
    50 | D        | Found a viscous altar of Jiyva.
    50 | D        | Found a hazy altar of Hepliaklqana.
    50 | D        | Found an opulent altar of Gozag.
    51 | D        | Found a glowing golden altar of the Shining One.
    51 | D        | Found a glowing silver altar of Zin.
    51 | D        | Found a basalt altar of Yredelemnul.
    51 | D        | Found a shimmering altar of Xom.
    51 | D        | Found a sacrificial altar of Ru.
    51 | D        | Found a stormy altar of Qazlal.
    51 | D        | Found an iron altar of Okawaru.
    51 | D        | Found a sparkling altar of Nemelex Xobeh.
    51 | D        | Found a burning altar of Makhleb.
    51 | D        | Found a blossoming altar of Fedhas.
    51 | D        | Found a white marble altar of Elyvilon.
    51 | D        | Found a shadowy altar of Dithmenos.
    51 | D        | Found a snail-covered altar of Cheibriados.
    53 | D        | Found a radiant altar of Vehumet.
    53 | D        | Found a corrupted altar of Lugonu.
    53 | D        | Found a roughly hewn altar of Beogh.
    54 | D        | Found a hide-covered altar of Uskayaw.
    54 | D        | Found an ancient bone altar of Kikubaaqudgha.
    54 | D        | Found a shattered altar of Ashenzari.
    70 | D        | Became a worshipper of Qazlal Stormbringer
    96 | D        | Reached * piety under Qazlal
    98 | D        | Noticed a floating eye
    99 | D        | Paralysed by a floating eye for 2 turns
   104 | D        | Killed a floating eye
   104 | D        | Reached skill level 3 in Invocations
   104 | D        | Reached XP level 5. HP: 50/52 MP: 3/6
   109 | D        | Noticed a sky beast
   112 | D        | Reached ** piety under Qazlal
   112 | D        | Killed a sky beast
   112 | D        | Reached skill level 4 in Invocations
   112 | D        | Reached XP level 6. HP: 55/61 MP: 3/8
   259 | D        | Noticed a porcupine
   274 | D        | Reached *** piety under Qazlal
   281 | D        | Killed a porcupine
   281 | D        | Reached skill level 5 in Invocations
   284 | D        | Reached **** piety under Qazlal
   284 | D        | Reached XP level 7. HP: 69/70 MP: 9/9
   308 | D        | Reached ***** piety under Qazlal
   403 | D        | Noticed a flying skull
   412 | D        | Killed a flying skull
   412 | D        | Reached skill level 10 in Fighting
   412 | D        | Reached skill level 10 in Armour
   412 | D        | Reached skill level 10 in Shields
   412 | D        | Reached skill level 6 in Invocations
   415 | D        | Noticed a polar bear
   426 | D        | Killed a polar bear
   426 | D        | Reached skill level 10 in Axes
   426 | D        | Reached XP level 8. HP: 51/80 MP: 10/12
   613 | D        | Reached skill level 7 in Invocations
   816 | D        | Noticed a two-headed ogre
   816 | D        | Noticed a hornet
   818 | D        | Paralysed by a hornet for 3 turns
   823 | D        | Killed a hornet
   826 | D        | Killed a two-headed ogre
   826 | D        | Reached skill level 8 in Invocations
   826 | D        | Reached XP level 9. HP: 49/90 MP: 5/14
  1151 | D        | Reached ****** piety under Qazlal
  1159 | D        | Noticed a lindwurm
  1164 | D        | Noticed a sea snake
  1167 | D        | Killed a lindwurm
  1167 | D        | Reached skill level 9 in Invocations
  1172 | D        | Killed a sea snake
  1187 | D        | Noticed a death cob
  1187 | D        | Noticed a molten gargoyle
  1188 | D        | Noticed an elephant
  1190 | D        | Noticed a manticore
  1190 | D        | Killed a molten gargoyle
  1190 | D        | Reached XP level 10. HP: 40/101 MP: 16/16
  1191 | D        | HP: 5/101 [death cob (25)]
  1196 | D        | Reached skill level 10 in Invocations
  1196 | D        | Killed a manticore
  1198 | D        | Killed an elephant
  1199 | D        | Noticed an orange demon
  1199 | D        | Killed a death cob
  1199 | D        | Reached skill level 11 in Invocations
  1207 | D        | Noticed an orange demon
  1210 | D        | Killed an orange demon
  1216 | D        | Killed an orange demon
  1216 | D        | Reached XP level 11. HP: 73/111 MP: 18/18
  1410 | D        | Noticed a flayed ghost
  1450 | D        | Killed a flayed ghost
  1583 | D        | Reached skill level 15 in Armour
  1599 | D        | Reached skill level 15 in Fighting
  1599 | D        | Reached skill level 15 in Shields
  1600 | D        | Noticed a two-headed ogre
  1611 | D        | Killed a two-headed ogre
  1611 | D        | Reached skill level 15 in Axes
  1611 | D        | Reached skill level 12 in Invocations
  1758 | D        | Noticed Psyche
  1763 | D        | Killed Psyche
  1771 | D        | Noticed Frances
  1775 | D        | Noticed a sun demon
  1783 | D        | Killed Frances
  2048 | D        | Noticed a rakshasa
  2055 | D        | Killed a rakshasa
  2055 | D        | Reached skill level 13 in Invocations
  2065 | D        | Noticed an orc knight
  2066 | D        | Noticed an orc sorcerer
  2073 | D        | Noticed a soul eater
  2082 | D        | Killed an orc knight
  2082 | D        | Reached XP level 12. HP: 115/122 MP: 20/20
  2087 | D        | Paralysed by an orc sorcerer for 6 turns
  2288 | D        | Noticed an orc warlord
  2302 | D        | Killed an orc warlord
  2302 | D        | Reached skill level 14 in Invocations
  2332 | D        | Noticed a vault guard
  2335 | D        | Noticed a deep elf annihilator
  2336 | D        | Noticed an orc warlord
  2342 | D        | Noticed a vault guard
  2342 | D        | Killed a deep elf annihilator
  2342 | D        | Killed a vault guard
  2342 | D        | Killed a vault guard
  2342 | D        | Killed an orc warlord
  2357 | D        | Reached XP level 13. HP: 72/134 MP: 4/23
  2393 | D        | Reached skill level 15 in Invocations
  2670 | D        | Noticed a fire giant
  2674 | D        | Killed a fire giant
  2714 | D        | Reached skill level 16 in Invocations
  3068 | D        | Noticed a red draconian
  3068 | D        | Noticed a nagaraja
  3072 | D        | Reached skill level 17 in Invocations
  3074 | D        | Killed a nagaraja
  3083 | D        | Killed a red draconian
  3083 | D        | Reached skill level 18 in Invocations
  3088 | D        | Killed a lorocyproca
  3442 | D        | Noticed Agnes
  3457 | D        | Reached skill level 19 in Invocations
  3458 | D        | Killed Agnes
  3458 | D        | Reached skill level 20 in Invocations
  3465 | D        | Noticed an ettin
  3467 | D        | Noticed a green draconian
  3468 | D        | HP: 2/134 [ettin/dire flail (20)]
  3473 | D        | Noticed a merfolk javelineer
  3473 | D        | Killed a merfolk javelineer
  3473 | D        | Reached skill level 21 in Invocations
  3473 | D        | Killed a green draconian
  3473 | D        | Reached XP level 14. HP: 15/143 MP: 20/27
  3480 | D        | Killed from afar by a deep elf high priest

Skill      XL: |  1  2  3  4  5  6  7  8  9 10 11 12 13 |
---------------+----------------------------------------+-----
Fighting       | 6 7 8 9 10 11 13 14 16 18 | 18.0
Axes           | 5 7 8 10 11 12 14 16 18 | 18.6
Armour         | 6 7 8 9 10 11 13 14 16 18 | 18.0
Shields        | 6 7 8 9 10 11 13 14 16 18 | 18.0
Invocations    | 3 4 5 6 8 9 11 13 14 21 | 21.7

Action                   |  1- 3 |  4- 6 |  7- 9 | 10-12 | 13-15 || total
-------------------------+-------+-------+-------+-------+-------++-------
Melee: War axe           |     5 |       |    32 |   134 |    46 ||   217
       Hand axe          |       |    40 |    60 |       |       ||   100
       Headbutt          |       |     9 |    14 |    36 |    19 ||    78
       Broad axe         |       |       |       |       |    30 ||    30
Invok: Upheaval          |       |       |     6 |    18 |     9 ||    33
       Disaster Area     |       |       |       |     5 |     2 ||     7
  Use: Potion            |       |       |     2 |     7 |     2 ||    11
       Scroll            |       |       |       |       |     1 ||     1
  Eat: Bread ration      |       |       |     1 |       |     1 ||     2
Armor: Scale mail        |       |     7 |     9 |       |       ||    16
       Plate armour      |       |       |    15 |    43 |     4 ||    62
Dodge: Dodged            |       |     5 |    21 |    27 |     7 ||    60
       Deflected         |       |       |       |     3 |     1 ||     4
Block: Shield            |       |    26 |    93 |   141 |    23 ||   283
       Large shield      |       |       |       |       |    41 ||    41
